 Dungeon Crawl Stone Soup version 0.32-a0-450-g080537f31e (webtiles) character file.

Game seed: 1291562923753915996

599210 utilitronium the Slayer (level 26, -14/396 HPs)
             Began as a Minotaur Berserker on Feb 23, 2024.
             Was a High Priest of Trog.
             Demolished by a green draconian monk (19 damage)
             ... on level 3 of the Realm of Zot on Feb 24, 2024.
             The game lasted 03:24:58 (61382 turns).

utilitronium the Slayer (Minotaur Berserker)       Turns: 61382, Time: 03:25:00

Health: -14/396    AC: 65    Str: 33    XL:     26   Next: 43%
Magic:  0/22       EV: 22    Int:  4    God:    Trog [*****.]
Gold:   6506       SH: 36    Dex: 15    Spells: 25/25 levels left

rFire   + + .        Z - +16 consecrated labrys {holy, Valiant ^Fragile Fly SInv}
rCold   + + .        w - +7 tower shield {AC+3}
rNeg    + + .        y - +17 crystal plate armour "Cocwuxuh" {Rampage +Inv}
rPois   +            K - -2 hat of the Alchemist {rElec rPois rF+ rC+ rN+ Will+ rMut rCorr}
rElec   +            j - +4 dragonskin cloak
rCorr   +            C - +2 pair of gloves {Stlth+}
SInv    +            N - +1 pair of boots {rampage}
Will    ++++.        m - amulet of reflection Stlth
                     J - ring of Hoiruaxt {Fly rC+ rN+ AC+4 Slay+2}
HPRegen 1.86/turn    U - ring of the Ancients {*Corrode rF+ EV+5 Str+4 Stlth+}
MPRegen 0.18/turn

%: corrode self (3%), reflection, resist mutation, rampage
@: berserking, about to teleport, strong-willed, flying, contaminated,
regenerating, hasted, glowing, studying Ranged Weapons, very quick
A: horns 2, retaliatory headbutt, screaming 1
}: 3/15 runes: serpentine, barnacled, silver
a: Renounce Religion, Evoke Invisibility, Berserk, Trog's Hand, Brothers in Arms


You were on level 3 of the Realm of Zot.
You worshipped Trog.
Trog was extremely pleased with you.
You visited 10 branches of the dungeon, and saw 49 of its levels.
You also visited: Bailey, Ice Cave, Volcano and Desolation.

You collected 9389 gold pieces.
You spent 2883 gold pieces at shops.

Inventory:

Hand Weapons
 b - a +9 demon whip of flaming
 t - a +9 broad axe of electrocution
 M - the +9 broad axe "Rocsyciz" {spect, rC+ rCorr}
   (You bought it in a shop on level 3 of the Vaults)

   rC+:       It protects you from cold.
   rCorr:     It protects you from acid and corrosion.
 Z - the +16 consecrated labrys (weapon) {holy, Valiant ^Fragile Fly SInv}
   (You bought it in a shop on level 1 of the Orcish Mines)

   Valiant:   It becomes more powerful as more dangerous foes come into view.
   SInv:      It lets you see invisible.
   Fly:       It grants you flight.
   ^Fragile:  It will be destroyed if unequipped.
Armour
 a - a +2 hat
 j - the +4 dragonskin cloak (worn)
   (You took it off Tiamat on level 1 of the Realm of Zot)

   Avatar's Aegis: It grants the wearer a chance to resist fire, cold, poison,
   electricity, acid, and negative energy.
 w - a +7 tower shield of protection (worn)
 y - the +17 crystal plate armour "Cocwuxuh" (worn) {Rampage +Inv}
   (You acquired it on level 10 of the Dungeon)

   +Inv:      It lets you turn invisible.
   Rampage:   It bestows one free step when moving towards enemies.
 C - a +2 pair of gloves of stealth (worn)
 K - the -2 hat of the Alchemist (worn) {rElec rPois rF+ rC+ rN+ Will+ rMut rCorr}
   (You found it in the Desolation of Salt)

   rF+:       It protects you from fire.
   rC+:       It protects you from cold.
   rElec:     It insulates you from electricity.
   rPois:     It protects you from poison rN+: It protects you from negative
   energy.
   Will+:     It increases your willpower.
   rCorr:     It protects you from acid and corrosion.
   rMut:      It protects you from mutation.
 N - a +1 pair of boots of rampaging (worn)
 V - the +1 cloak "Roclimew" {Regen+ MP+9}
   (You acquired it on level 3 of the Elven Halls)

   MP+9:      It affects your magic capacity (+9).
   Regen+:    It increases your rate of health regeneration.
Jewellery
 m - an amulet of reflection (around neck)
 p - a ring of resist corrosion
 s - the ring of the Trilobite {rPois rN+ Int+4 Dex+6}
   (You found it on level 3 of the Dungeon)

   [ring of dexterity]

   Int+4:     It affects your intelligence (+4).
   Dex+6:     It affects your dexterity (+6).
   rPois:     It protects you from poison rN+: It protects you from negative
   energy.
 u - the ring "Pocwoimeru" {rElec Str+6 Int+6 Slay+6}
   (You found it on level 5 of the Vaults)

   [ring of intelligence]

   Str+6:     It affects your strength (+6).
   Int+6:     It affects your intelligence (+6).
   Slay+6:    It affects your accuracy & damage with ranged weapons and melee
   (+6).
   rElec:     It insulates you from electricity.
 J - the ring of Hoiruaxt (left hand) {Fly rC+ rN+ AC+4 Slay+2}
   (You bought it in a shop on level 3 of the Shoals)

   [ring of protection]

   AC+4:      It affects your AC (+4).
   Slay+2:    It affects your accuracy & damage with ranged weapons and melee
   (+2).
   rC+:       It protects you from cold.
   rN+:       It protects you from negative energy.
   Fly:       It grants you flight.
 Q - a ring of protection from fire
 U - the ring of the Ancients (right hand) {*Corrode rF+ EV+5 Str+4 Stlth+}
   (You found it in the Desolation of Salt)

   [ring of evasion]

   EV+5:      It affects your evasion (+5).
   Str+4:     It affects your strength (+4).
   rF+:       It protects you from fire.
   *Corrode:  It may corrode you when you take damage.
   Stlth+:    It makes you more stealthy.
Wands
 d - a wand of acid (43)
 A - a wand of roots (38)
 L - a wand of mindburst (30)
 R - a wand of charming (31)
 X - a wand of flame (50)
Scrolls
 c - 7 scrolls of revelation
 f - 35 scrolls of identify
 g - 3 scrolls of enchant weapon
 h - 8 scrolls of fog
 v - 4 scrolls of brand weapon
 x - 6 scrolls of poison
 E - 2 scrolls of teleportation
 O - 6 scrolls of silence
 P - 4 scrolls of immolation
 T - 10 scrolls of fear
 W - a scroll of vulnerability
Potions
 e - 10 potions of curing
 i - 7 potions of heal wounds
 k - 7 potions of magic
 n - 2 potions of enlightenment
 o - 8 potions of mutation
 z - 5 potions of lignification
 F - 2 potions of cancellation
 G - a potion of haste
 H - 4 potions of resistance
 S - 5 potions of invisibility
 Y - a potion of might
Miscellaneous
 l - a sack of spiders
 q - a lightning rod (4/4)
 B - a phantom mirror


   Skills:
 + Level 26.5 Fighting
 + Level 20.6 Axes
 + Level 25.3 Armour
 + Level 22.2 Dodging
 + Level 12.3 Stealth
 + Level 24.4 Shields
 + Level 15.4 Evocations


You had 25 spell levels left.
You didn't know any spells.
Your spell library was empty.

Dungeon Overview and Level Annotations

Branches:
Dungeon (15/15)            Temple (0/1) D:5            Lair (5/5) D:10
 Shoals (4/4) Lair:3        Snake (4/4) Lair:2        Slime (0/5) Lair:5
    Orc (2/2) D:12            Elf (3/3) Orc:2        Vaults (5/5) D:14
  Crypt (3/3) Vaults:2       Tomb (0/3) Crypt:3      Depths (4/4) D:15
    Zot (4/5) Depths:4     Bailey (visited)           IceCv (visited)
Volcano (visited)         Desolation (visited)

Altars:
Cheibriados
Dithmenos
Fedhas
Gozag
Hepliaklqana
Kikubaaqudgha
Nemelex Xobeh
Okawaru
Qazlal
Sif Muna
Trog
Vehumet
Wu Jian
Xom
Yredelemnul
The Shining One

Shops:
D:5 [:(   D:10 *   D:11 [!=*?   Orc:1 [(   Orc:2 :?!*[(   Elf:1 :   Elf:2 :
Elf:3 =   Shoals:2 (   Shoals:3 =   Vaults:3 *   Vaults:5 =   Zot:2 *

Portals:
Hell: Depths:1 Depths:2 Depths:3 Depths:4
Abyss: Depths:1 Depths:2 Depths:3
Pandemonium: Depths:2
Ziggurat: Depths:2

Annotations:
Elf:1 1 runed translucent door
Depths:2 Xtahua


Innate Abilities, Weirdness & Mutations

You have a pair of horns on your head.
You reflexively headbutt those who attack you in melee.
You occasionally shout uncontrollably at your foes.


Message History

The white draconian completely misses you.
You cut the white draconian into ribbons!!!
The white draconian is almost dead.
You slice the golden dragon!! You slice the green draconian monk!!
You hear a roar!
You hear a deafening roar!
You hear a roar! x3
You block the green draconian monk's attack. x4
The ghost moth stares at you. The wind drake flaps its wings at you.
The air twists around and strikes you.
The moth of wrath goads the yellow draconian on!
The yellow draconian goes berserk!
You slice the white draconian!!
You feel the power of Trog in you as your rage grows.
You kill the white draconian!
Trog accepts your kill.
You carve the golden dragon like a ham!!!
You closely miss the green draconian monk.
You hear a roar!
The wind drake rages.
You block the golden dragon's attack. x2
The golden dragon tramples you but does no damage.
The yellow draconian rages.
You block the green draconian monk's attack. x2
The green draconian monk barely misses you.
The green draconian monk tail-slaps you!
* * * LOW HITPOINT WARNING * * *
The ghost moth stares at you.
You slice the black draconian like a ripe choko!!!!
The black draconian is heavily wounded.
You slash the green draconian monk! You slice the golden dragon!!
You hear a roar!
The golden dragon bites you but does no damage.
You block the golden dragon's attack. x2
You block the black draconian's attack.
You chop the black draconian into pieces!!!
Your headbutt misses the black draconian.
The black draconian is almost dead.
You slice the golden dragon!! You slash the green draconian monk!
The green draconian rages.
The green draconian monk hits you!!
You die...

,****............##
,,***#............##
,,,**##..q.°.......##
,,,,*...○..yz.......##
,,,,,...^..dDd.......#*
**,,,.§....kdk####....#*
***,,......kydy##**....**
****,......kDdqD##**...,**
,****.....kkdddd@# **..,,*
,,,>,p.....kdddq##**,,.,**
,,,,,......fddq##**,,,,**
,,,,,.###...kd##**,,,,**
,,,,,***#....##**,,,,**
,,,,***#....#***,,,,**
,,,****....#***,,,,**
,,****,,,.#***,,,,**
,,,**,,,,,***,,,,**


You could see a bone dragon, a green draconian monk (berserk), a golden dragon
(berserk), a storm dragon, a black draconian (berserk), a yellow draconian
(berserk), 4 draconians, 4 draconians, 2 draconians, 3 draconians, a curse toe,
2 draconians, a yellow draconian annihilator, a death drake (summoned, berserk),
a ghost moth (invisible), 4 wind drakes, 2 moths of wrath, a wandering mushroom
(summoned), 2 rime drakes and a swamp drake (summoned).

Vanquished Creatures
  Tiamat (Zot:1)
  Frederick (Depths:3)
  2 dread liches
  Khufu (Crypt:1)
  An ancient lich (Crypt:2)
  An orb of fire (Zot:1)
  Mara (Shoals:3)
  2 royal mummies (Crypt:1)
  Josephina (Zot:1)
  Boris (Crypt:3)
  Vashnia (Snake:3)
  Parghit (Depths:4)
  Saint Roka (Orc:2)
  2 Killer Klowns (Zot:3)
  A caustic shrike (Depths:3)
  A curse toe (Zot:1)
  Nikola (Vaults:1)
  11 golden dragons
  The ghost of Hiohy the Metamorph, an adept DrSh of Wu Jian (Elf:1)
  Jory (Vaults:5)
  A bone dragon (Zot:3)
  Zenata (Crypt:1)
  A shard shrike zombie (Crypt:3)
  2 hellephants (D:15)
  Jorgrun (Orc:2)
  A walking earthen tome (Depths:3)
  5 liches
  6 quicksilver dragons
  The ghost of TobyConnect the Warrior, an adept DsFi of Gozag (Elf:3)
  11 tentacled monstrosities
  6 titans (Vaults:5)
  3 deep elf blademasters
  The ghost of Douf the Warrior, an adept MiBe of Trog (Snake:2)
  5 sphinxes
  A deep elf master archer (Elf:3)
  A searing wretch (Crypt:3)
  Polyphemus (Shoals:3)
  14 death cobs
  2 Executioners (Zot:1)
  An ancient champion (Crypt:1)
  14 shadow dragons
  10 storm dragons
  6 tengu reavers
  The ghost of Piceto the Pyromancer, an adept DEFE of Vehumet (Elf:1)
  Ilsuiw (Shoals:3)
  3 draconian monks
  Aizul (Snake:2)
  4 protean progenitors
  Donald (Vaults:1)
  The ghost of Skimidon the Brawler, a journeyman TrSh of Wu Jian (Orc:1)
  11 nagarajas
  An iron dragon (Vaults:5)
  4 draconian knights
  The ghost of Joboecuu the Fighter, a journeyman MiFi of Okawaru (Elf:1)
  4 draconian scorchers
  The ghost of Qyvoanyo the Sorcerer, an adept DEFE of Vehumet (Elf:1)
  4 draconian shifters
  6 fire giants
  6 deep elf sorcerers
  18 frost giants
  3 ghost moths
  6 deep elf elementalists
  5 balrugs
  2 imperial myrmidons (Desolation)
  13 vault wardens
  3 orc warlords
  7 draconian annihilators
  2 caustic shrike zombies (Crypt:3)
  2 draconian stormcallers
  A ghoul (Crypt:1)
  5 reapers (Crypt:3)
  2 quicksilver oozes (Zot:3)
  21 ironbound preservers
  A caustic shrike skeleton (Crypt:1)
  13 very ugly things
  4 vampire knights
  3 formless jellyfish
  8 black draconians
  6 ironbound thunderhulks
  7 deep elf demonologists
  10 deep elf death magi
  14 stone giants
  9 green draconians
  8 deep elf annihilators
  3 minotaurs
  4 red draconians
  A spark wasp (Depths:3)
  Azrael (Elf:2)
  A halazid warlock (Desolation)
  A lorocyproca (Depths:2)
  13 yellow draconians
  3 war gargoyles
  9 purple draconians
  5 dire elephants
  7 white draconians
  A green death (Depths:2)
  10 eidola
  5 jiangshi
  4 blizzard demons (Zot:1)
  6 merfolk impalers
  9 ettins
  A crystal guardian (Desolation)
  A mummy priest (Crypt:3)
  10 yaktaur captains
  A quicksilver dragon zombie (Crypt:3)
  9 fire dragons
  An entropy weaver (Vaults:3)
  5 deep elf high priests
  10 great orbs of eyes
  A spriggan zombie (Crypt:3)
  4 ragged hierophants (Desolation)
  2 rakshasas
  A salamander tyrant (Snake:4)
  9 servants of whispers (Desolation)
  15 hydras
  2 spriggan air magi
  3 merfolk avatars
  27 vault guards
  2 catoblepae
  2 spriggan skeletons (Crypt:3)
  A merfolk aquamancer (Shoals:4)
  A sphinx zombie (Crypt:1)
  6 ogre magi
  14 ice dragons
  2 alligator snapping turtles (Shoals:4)
  9 peacekeepers (Desolation)
  4 death knights
  12 ironbound frosthearts
  11 naga warriors
  13 anacondas
  34 dancing weapons
  A boulder beetle (Vaults:2)
  16 two-headed ogres
  4 deep troll shamans
  16 centaur warriors
  2 hell hogs (D:15)
  11 satyrs
  7 tengu warriors
  7 vampire magi
  An emperor scorpion zombie (Crypt:2)
  4 death yaks
  7 shock serpents
  2 soul eaters
  3 spriggan berserkers (Depths:1)
  A storm dragon zombie (Crypt:3)
  19 hell knights
  2 sun demons
  2 occultists (Depths:1)
  16 naga sharpshooters
  2 salamander mystics
  15 deep elf knights
  3 skysharks
  2 iron trolls
  11 skeletal warriors
  A bunyip zombie (Crypt:3)
  52 deep trolls
  9 sea snakes
  6 mana vipers
  A glowing orange brain (Vaults:4)
  5 arcanists
  A shadow wraith (Vaults:5)
  3 flayed ghosts
  A shadow dragon zombie (Crypt:3)
  A bunyip skeleton (Crypt:3)
  4 naga ritualists
  Pikel (D:6)
  22 phantasmal warriors
  20 harpies
  9 lindwurms
  19 deep elf archers
  5 bog bodies
  17 ironbound convokers
  14 orc knights
  2 orange crystal statues
  An alligator zombie (Crypt:2)
  31 deep elf pyromancers
  30 deep elf zephyrmancers
  24 necromancers
  2 stone giant zombies (Crypt:3)
  A faun (shapeshifter) (Vaults:5)
  14 moths of wrath
  12 fauns
  46 ugly things
  4 orc sorcerers
  A wolf spider (D:15)
  6 salamanders
  3 oklob plants
  An iron dragon skeleton (Crypt:3)
  8 cyclopes
  15 manticores
  A meliai (shapeshifter) (D:13)
  8 merfolk sirens
  5 elephants (Lair:5)
  7 water nymphs
  32 black mambas
  11 guardian serpents
  4 smoke demons
  2 kobold blastminers (Orc:2)
  11 vault sentinels
  8 naga magi
  An eye of devastation (shapeshifter) (Vaults:5)
  A molten gargoyle (Desolation)
  3 centaur skeletons
  6 unseen horrors
  Jeremiah (D:6)
  A dire elephant skeleton (Crypt:2)
  2 torpor snails (Lair:3)
  2 gargoyles
  2 unseen horrors (shapeshifter)
  11 cane toads
  A rime drake (shapeshifter) (Elf:2)
  13 freezing wraiths
  14 rime drakes
  32 yaktaurs
  A swamp worm zombie (Crypt:2)
  A hydra zombie (Crypt:2)
  3 komodo dragons
  A pale draconian skeleton (Crypt:1)
  Psyche (D:9)
  5 kobold demonologists
  3 tengu conjurers
  A queen bee (shapeshifter) (D:14)
  15 polar bears
  A troll (shapeshifter) (D:13)
  A harpy zombie (Crypt:3)
  13 hellwings (Crypt:3)
  Grinder (D:6)
  31 merfolk
  9 wind drakes
  66 saltlings (Desolation)
  A hornet (Lair:2)
  4 glass eyes
  3 harpy skeletons
  A dream sheep (shapeshifter) (Vaults:4)
  An ettin zombie (Crypt:3)
  13 blink frogs
  8 dream sheep
  25 slime creatures
  A stone giant simulacrum (Crypt:1)
  3 air elementals
  6 snapping turtles
  5 spriggans (Lair:2)
  A jumping spider (shapeshifter) (D:15)
  4 vampires
  An ettin skeleton (Crypt:3)
  6 wyverns
  2 ushabtiu (Crypt:3)
  15 water elementals
  3 basilisks
  A black mamba skeleton (Crypt:2)
  A ynoxinul (Depths:2)
  4 wargs
  61 yaks
  12 wraiths
  9 fire elementals
  A red draconian simulacrum (Zot:1)
  5 steam dragons
  14 vampire mosquitoes
  A redback simulacrum (D:14)
  A fire bat zombie (Crypt:1)
  32 nagas
  A two-headed ogre zombie (Crypt:2)
  Edmund (D:6)
  12 water moccasins
  15 hell hounds
  4 acid dragons
  Duvessa (D:4)
  A two-headed ogre skeleton (Crypt:2)
  3 black bears
  46 orc warriors
  A tengu (shapeshifter) (Elf:1)
  14 ogres
  16 wolves
  20 centaurs
  3 lemures (D:6)
  A manticore skeleton (Crypt:1)
  A phantom (D:7)
  14 kobold brigands
  A draconian zombie (Crypt:1)
  An earth elemental (Elf:2)
  3 gnoll sergeants
  6 bullfrogs
  A scorpion (D:4)
  A naga simulacrum (Crypt:1)
  4 wyvern skeletons (Crypt:3)
  4 wights (D:7)
  Dowan (D:4)
  A queen bee zombie (Crypt:2)
  15 killer bees
  9 electric eels
  2 howler monkeys
  9 crimson imps (D:9)
  A bullfrog zombie (Crypt:1)
  2 hounds
  A jelly (D:6)
  11 orc priests
  2 sleepcaps
  12 hell rats
  2 iguanas
  15 orc wizards
  5 naga zombies
  A hound skeleton (Crypt:2)
  2 mummies
  26 gnolls
  7 adders
  A shadow imp (D:6)
  2 white imps
  4 ufetubi (D:6)
  2 dart slugs (D:1)
  2 ribbon worms
  58 orcs
  9 bats
  6 endoplasms
  5 giant cockroaches
  21 goblins
  15 hobgoblins
  2 quokkas
  4 ball pythons
  4 frilled lizards
  32 kobolds
  A kobold skeleton (Crypt:1)
  6 rats
  A rat zombie (Crypt:2)
2244 creatures vanquished.

Vanquished Creatures (collateral kills)
  Rupert (Orc:2)
  An imperial myrmidon (Desolation)
  An orc warlord (Bailey)
  The ghost of t4s4d4r the Martial Artist, a journeyman OpSh of Gozag (Lair:2)
  An ettin (Vaults:5)
  A deep elf high priest (Elf:3)
  A fire dragon (Volcano)
  2 ragged hierophants (Desolation)
  2 yaktaur captains (Vaults:5)
  3 vault guards (Vaults:5)
  2 servants of whispers (Desolation)
  A naga warrior (Snake:1)
  A deep elf knight (Elf:3)
  A naga sharpshooter (Snake:3)
  A sun demon (Volcano)
  2 deep elf archers (Elf:3)
  An orc knight (Orc:2)
  An ironbound convoker (Vaults:5)
  A deep elf zephyrmancer (Elf:3)
  A moth of wrath (Zot:1)
  A yaktaur (Vaults:5)
  2 saltlings (Desolation)
  7 orc warriors
  3 kobold brigands (D:7)
  A gnoll (Bailey)
  The ghost of avgcrawlenjoyer the Sneak, a weakling DsDe (D:7)
  An orc (Orc:2)
  2 goblins (Bailey)
44 creatures vanquished.

Vanquished Creatures (others)
  Margery (Crypt:3)
  A frost giant (Depths:3)
  An ironbound preserver (Vaults:5)
  An ettin (Depths:4)
  A dancing weapon (Elf:2)
  A deep troll (Vaults:1)
  A shock serpent (shapeshifter) (Vaults:5)
  2 deep elf zephyrmancers (Elf:2)
  2 deep elf archers (Elf:3)
  2 deep elf pyromancers
  A naga ritualist (Snake:1)
  A manticore (Shoals:3)
  A ghost moth simulacrum (Zot:1)
  2 polar bears (IceCv)
  A slime creature (Vaults:1)
  A water elemental (Elf:1)
  An air elemental (Elf:3)
  2 moth of wrath simulacra (Zot:1)
23 creatures vanquished.

Grand Total: 2311 creatures vanquished

Notes
Turn   | Place    | Note
-------+----------+-------------------------------------------
     0 | D:1      | utilitronium the Minotaur Berserker began the quest for the
                  | Orb.
     0 | D:1      | Reached XP level 1. HP: 19/19 MP: 0/0
   110 | D:1      | Reached XP level 2. HP: 21/26 MP: 1/1
   327 | D:1      | Found a faded altar of an unknown god.
   400 | D:1      | Reached ** piety under Trog
   469 | D:1      | Reached skill level 5 in Axes
   537 | D:1      | Reached XP level 3. HP: 12/31 MP: 2/2
  1251 | D:3      | Reached XP level 4. HP: 39/39 MP: 3/3
  1925 | D:3      | Found a shadowy altar of Dithmenos.
  1947 | D:3      | Identified the ring of the Trilobite {rPois rN+ Int+4
                  | Dex+6}
  1951 | D:3      | Reached XP level 5. HP: 45/45 MP: 4/4
  2033 | D:3      | Reached *** piety under Trog
  2434 | D:4      | Noticed Duvessa
  2448 | D:4      | Killed Duvessa
  2449 | D:4      | Reached XP level 6. HP: 34/51 MP: 5/5
  2450 | D:4      | Noticed Dowan
  2460 | D:4      | Killed Dowan
  2586 | D:4      | Found an ornate altar of the Wu Jian Council.
  2956 | D:4      | Reached XP level 7. HP: 46/57 MP: 6/6
  3439 | D:5      | Entered Level 5 of the Dungeon
  3461 | D:5      | Found Pycsuxum's Book Shop.
  3478 | D:5      | Found Naoxapt's Weapon Emporium.
  3603 | D:5      | Found Gito's Antique Armour Boutique.
  3646 | D:5      | Found a staircase to the Ecumenical Temple.
  3884 | D:5      | Reached skill level 10 in Axes
  4287 | D:6      | Found an iron altar of Okawaru.
  4300 | D:6      | Found a blossoming altar of Fedhas.
  4400 | D:6      | Noticed Jeremiah
  4417 | D:6      | Killed Jeremiah
  4418 | D:6      | Reached XP level 8. HP: 19/64 MP: 7/7
  5064 | D:6      | Noticed Pikel
  5080 | D:6      | Killed Pikel
  5211 | D:6      | Found a sparkling altar of Nemelex Xobeh.
  5211 | D:6      | Noticed Grinder
  5211 | D:6      | Noticed Edmund
  5220 | D:6      | Killed Grinder
  5222 | D:6      | Killed Edmund
  5385 | D:6      | Reached XP level 9. HP: 68/70 MP: 8/8
  5405 | D:6      | Found a snail-covered altar of Cheibriados.
  5566 | D:7      | Noticed avgcrawlenjoyer's ghost (weakling DsDe)
  5566 | D:7      | Found a runed translucent gate.
  5566 | D:7      | Found a runed translucent gate.
  5566 | D:7      | Found a runed translucent gate.
  5629 | D:7      | Found a hazy altar of Hepliaklqana.
  5783 | D:7      | Found a basalt altar of Yredelemnul.
  5869 | D:7      | Found a shimmering altar of Xom.
  5978 | D:7      | Reached skill level 15 in Axes
  5978 | D:7      | Reached **** piety under Trog
  6251 | D:7      | Killed avgcrawlenjoyer's ghost
  6618 | D:8      | Reached skill level 4 in Fighting
  6938 | D:8      | Reached XP level 10. HP: 20/80 MP: 9/9
  7292 | D:8      | Reached skill level 5 in Fighting
  8119 | D:9      | Reached ***** piety under Trog
  8171 | D:9      | Noticed Psyche
  8176 | D:9      | Reached skill level 6 in Fighting
  8180 | D:9      | Killed Psyche
  8345 | D:9      | Reached skill level 7 in Fighting
  8348 | D:9      | Reached skill level 5 in Armour
  8539 | D:9      | Noticed a rust devil
  8562 | D:9      | Noticed a sun demon
  8566 | D:9      | Reached skill level 8 in Fighting
  8646 | D:9      | Found a glowing golden altar of the Shining One.
  8954 | D:10     | Entered Level 10 of the Dungeon
  8954 | D:10     | Found a flagged portal.
  9054 | D:10     | Identified the +10 hand axe of the Stoat {flame, rPois}
                  | (Trog gifted it to you on level 10 of the Dungeon)
  9054 | D:10     | Received a gift from Trog
  9065 | Bailey   | Entered a bailey
  9257 | Bailey   | Reached skill level 9 in Fighting
  9289 | Bailey   | Reached XP level 11. HP: 92/97 MP: 10/10
  9600 | Bailey   | Noticed an orc warlord
  9611 | Bailey   | Killed an orc warlord
  9614 | Bailey   | Reached skill level 10 in Fighting
  9717 | D:10     | Found a staircase to the Lair.
  9734 | D:10     | Found Gozag's Platinum Reserve.
  9734 | D:10     | Found an opulent altar of Gozag.
 10104 | D:10     | Identified the beast talisman of Ebyded {*Corrode rElec
                  | Will+ Int+3}
 10143 | D:10     | Found a stormy altar of Qazlal.
 10431 | D:10     | Identified a scroll of acquirement
 10433 | D:10     | Acquired the +17 crystal plate armour "Cocwuxuh" {Rampage
                  | +Inv}
 10620 | D:11     | Found Daliriegh's Jewellery Shoppe.
 10682 | D:11     | Found Razaolosh's Assorted Antiques.
 10702 | D:11     | Noticed a cyan ugly thing
 10711 | D:11     | Killed a cyan ugly thing
 10744 | D:11     | Reached skill level 11 in Fighting
 10811 | D:11     | Found Aptat Yniruo's Antique Armour Boutique.
 10921 | D:11     | Found Moaduan's Distillery.
 10925 | D:11     | Received a gift from Trog
 10926 | D:11     | Reached skill level 10 in Armour
 11068 | D:11     | Found Diof's Magic Scroll Emporium.
 11168 | D:12     | Noticed a two-headed ogre
 11172 | D:12     | Killed a two-headed ogre
 11282 | D:12     | Reached skill level 12 in Fighting
 11340 | D:12     | Reached XP level 12. HP: 77/113 MP: 11/11
 11448 | D:12     | Found a staircase to the Orcish Mines.
 11676 | D:12     | Noticed a two-headed ogre
 11686 | D:12     | Killed a two-headed ogre
 12041 | Lair:1   | Entered Level 1 of the Lair of Beasts
 12058 | Lair:1   | Reached skill level 13 in Fighting
 12420 | Lair:1   | Identified the +8 orcbow "Gapafeuttu" {heavy, ^Drain Will+
                  | rCorr Str+2}
 12843 | Lair:2   | Reached skill level 1 in Shields
 13022 | Lair:2   | Reached skill level 5 in Shields
 13195 | Lair:2   | Found a bloodstained altar of Trog.
 13195 | Lair:2   | Noticed t4s4d4r's ghost (journeyman OpSh)
 13221 | Lair:2   | Found a transporter.
 13225 | Lair:2   | Found a transporter.
 13306 | Lair:2   | Noticed a six-headed hydra
 13315 | Lair:2   | Killed a one-headed hydra
 13386 | Lair:2   | Found a staircase to the Snake Pit.
 13441 | Lair:2   | Reached XP level 13. HP: 123/123 MP: 12/12
 13927 | Lair:3   | Found a dark tunnel.
 13943 | Volcano  | Entered a volcano
 14054 | Volcano  | Received a gift from Trog
 14079 | Volcano  | Reached skill level 15 in Armour
 14482 | Volcano  | Reached XP level 14. HP: 130/130 MP: 13/13
 14690 | Lair:3   | Found a staircase to the Shoals.
 15477 | D:11     | Bought an iridescent broad axe for 288 gold pieces
 15477 | D:11     | Identified the +0 broad axe "Poil" {drain, rPois Dex+4}
                  | (You bought it in a shop on level 11 of the Dungeon)
 15619 | Lair:2   | Killed t4s4d4r's ghost
 15708 | Lair:4   | Reached skill level 10 in Shields
 16430 | Lair:4   | Found a runed translucent door.
 17013 | Lair:5   | Entered Level 5 of the Lair of Beasts
 17140 | Lair:5   | Reached XP level 15. HP: 122/137 MP: 14/14
 17444 | Lair:5   | Found a staircase to the Slime Pits.
 17992 | Orc:1    | Entered Level 1 of the Orcish Mines
 18067 | Orc:2    | Entered Level 2 of the Orcish Mines
 18067 | Orc:2    | Noticed Saint Roka
 18077 | Orc:2    | Found Nocwaank's Book Shoppe.
 18091 | Orc:2    | Killed Saint Roka
 18140 | Orc:2    | Found a shimmering altar of Xom.
 18213 | Orc:2    | Noticed Rupert
 18222 | Orc:2    | Killed Rupert
 18236 | Orc:2    | Found Dinepi's Antique Weapon Shoppe.
 18443 | Orc:2    | Received a gift from Trog
 18485 | Orc:2    | Found Otzaufoi's Distillery.
 18485 | Orc:2    | Found Menux's General Store.
 18772 | Orc:2    | Found Taureosk's Armour Emporium.
 18774 | Orc:2    | Found Dedghisa's Magic Scroll Boutique.
 18786 | Orc:2    | Bought a scroll of blinking for 112 gold pieces
 18883 | Orc:2    | Noticed Jorgrun
 18896 | Orc:2    | Killed Jorgrun
 18991 | Orc:2    | Found a staircase to the Elven Halls.
 19288 | Orc:1    | Found Hasees's Weapon Boutique.
 19296 | Orc:1    | Bought the +4 consecrated labrys {holy, Valiant ^Fragile
                  | Fly SInv} for 558 gold pieces
 19296 | Orc:1    | Found the +4 consecrated labrys {holy, Valiant ^Fragile Fly
                  | SInv}
 19360 | Orc:1    | Found Roibith's Armour Shoppe.
 19362 | Orc:1    | Found a runed translucent gate.
 19363 | Orc:1    | Found a runed translucent gate.
 19363 | Orc:1    | Found a runed translucent gate.
 19365 | Orc:1    | Noticed Skimidon's ghost (journeyman TrSh)
 19569 | Orc:1    | Identified the +7 great mace of Sirenaci {freeze, Str+3
                  | Dex+3}
 19571 | Orc:1    | Found an iron altar of Okawaru.
 19892 | Orc:1    | Killed Skimidon's ghost
 21365 | D:14     | Reached skill level 14 in Fighting
 21414 | D:14     | Reached skill level 5 in Dodging
 21504 | D:14     | Found a gate to the Vaults.
 21532 | D:14     | Reached XP level 16. HP: 130/146 MP: 15/15
 22313 | D:15     | Entered Level 15 of the Dungeon
 22527 | D:15     | Found a huge runed translucent gate.
 22527 | D:15     | Found a huge runed translucent gate.
 22527 | D:15     | Found a huge runed translucent gate.
 22527 | D:15     | Found a huge runed translucent gate.
 22527 | D:15     | Found a huge runed translucent gate.
 22527 | D:15     | Found a huge runed translucent gate.
 22528 | D:15     | Found a huge runed translucent gate.
 22529 | D:15     | Found a huge runed translucent gate.
 22530 | D:15     | Found a huge runed translucent gate.
 22531 | D:15     | Found a huge runed translucent gate.
 22540 | D:15     | Reached skill level 15 in Fighting
 22635 | D:15     | Found a staircase to the Depths.
 22685 | D:15     | Received a gift from Trog
 22745 | D:15     | Found a huge runed translucent gate.
 22745 | D:15     | Found a huge runed translucent gate.
 22746 | D:15     | Found a huge runed translucent gate.
 22746 | D:15     | Found a huge runed translucent gate.
 22747 | D:15     | Found a huge runed translucent gate.
 22747 | D:15     | Found a huge runed translucent gate.
 22748 | D:15     | Found a huge runed translucent gate.
 22748 | D:15     | Found a huge runed translucent gate.
 22749 | D:15     | Found a huge runed translucent gate.
 22750 | D:15     | Found a huge runed translucent gate.
 22751 | D:15     | Found a huge runed translucent gate.
 22752 | D:15     | Found a huge runed translucent gate.
 22753 | D:15     | Found a huge runed translucent gate.
 22753 | D:15     | Found a huge runed translucent gate.
 22757 | D:15     | Found a huge runed translucent gate.
 22758 | D:15     | Found a huge runed translucent gate.
 22759 | D:15     | Found a huge runed translucent gate.
 22759 | D:15     | Found a huge runed translucent gate.
 22772 | D:15     | Found a huge runed translucent gate.
 22775 | D:15     | Found a huge runed translucent gate.
 22776 | D:15     | Found a huge runed translucent gate.
 22777 | D:15     | Found a huge runed translucent gate.
 22777 | D:15     | Found a huge runed translucent gate.
 22781 | D:15     | Found a huge runed translucent gate.
 22782 | D:15     | Found a huge runed translucent gate.
 22783 | D:15     | Found a huge runed translucent gate.
 23451 | D:15     | Noticed a hellephant
 23451 | D:15     | Noticed a hellephant
 23761 | D:15     | Killed a hellephant
 24096 | D:15     | Killed a hellephant
 24520 | D:11     | Bought an amulet of reflection for 360 gold pieces
 24631 | Snake:1  | Entered Level 1 of the Snake Pit
 24980 | Snake:1  | You are sucked into a shaft and drop 1 floor!
 24988 | Snake:2  | Reached skill level 16 in Fighting
 25446 | Snake:2  | Identified the serpent talisman of Buppel {Int+3}
 25446 | Snake:2  | Noticed Aizul
 25460 | Snake:2  | Killed Aizul
 25461 | Snake:2  | Found a runed translucent door.
 25478 | Snake:2  | Noticed Douf's ghost (adept MiBe)
 25734 | Snake:2  | Received a gift from Trog
 26004 | Snake:2  | Reached XP level 17. HP: 157/159 MP: 16/16
 26352 | Snake:2  | Killed Douf's ghost
 26378 | Snake:2  | Identified the +6 longbow of Lopel {heavy, Dex+4 Stlth+}
 26527 | Snake:3  | Reached skill level 10 in Dodging
 27070 | Snake:3  | Noticed Vashnia
 27092 | Snake:3  | Killed Vashnia
 27093 | Snake:3  | Reached skill level 17 in Fighting
 27462 | Snake:4  | Entered Level 4 of the Snake Pit
 28684 | Snake:4  | Received a gift from Trog
 28690 | Snake:4  | Reached skill level 18 in Fighting
 28940 | Snake:4  | Got a serpentine rune of Zot
 30139 | Vaults:1 | Entered Level 1 of the Vaults
 30181 | Vaults:1 | Found a crumbling gateway.
 30202 | Desolati | Entered the Desolation of Salt
 30214 | Desolati | Reached XP level 18. HP: 172/172 MP: 17/17
 30285 | Desolati | Reached skill level 15 in Shields
 30636 | Desolati | Identified the +1 robe of Least Resistance {+Blink rElec}
 30648 | Desolati | Identified the +5 short sword of Gozag's Displeasure
                  | {flame, Will- Str+7}
 30731 | Desolati | Identified the +6 mace of Defence by Offence {antimagic,
                  | rF- Str+5 Int-3}
 30802 | Desolati | Reached skill level 19 in Fighting
 30880 | Desolati | Found the -2 hat of the Alchemist {rElec rPois rF+ rC+ rN+
                  | Will+ rMut rCorr}
 30896 | Desolati | Received a gift from Trog
 31064 | Desolati | Identified the +10 shortbow "Zetsoch" {antimagic, rN+ rCorr
                  | Str-5 Dex+2}
 31259 | Desolati | Identified the ring of the Ancients {*Corrode rF+ EV+5
                  | Str+4 Stlth+}
 32387 | Vaults:1 | Identified the +0 kite shield "Obyef" {Regen+ rCorr Str-4
                  | SInv}
 32387 | Vaults:1 | Noticed Donald
 32400 | Vaults:1 | Killed Donald
 32854 | Vaults:1 | Reached skill level 20 in Fighting
 32863 | Vaults:1 | Reached XP level 19. HP: 139/185 MP: 18/18
 32885 | Vaults:1 | Noticed Nikola
 32905 | Vaults:1 | Killed Nikola
 33394 | Vaults:2 | Reached skill level 15 in Dodging
 33512 | Vaults:2 | Received a gift from Trog
 34065 | Vaults:2 | Reached ****** piety under Trog
 34179 | Vaults:2 | Found a staircase to the Crypt.
 34834 | Vaults:3 | Reached skill level 21 in Fighting
 35282 | Vaults:3 | Received a gift from Trog
 35488 | Vaults:3 | Found Mafupp's Assorted Antiques.
 35496 | Vaults:3 | Bought a dazzling broad axe for 207 gold pieces
 35496 | Vaults:3 | Identified the +9 broad axe "Rocsyciz" {spect, rC+ rCorr}
                  | (You bought it in a shop on level 3 of the Vaults)
 36140 | Vaults:4 | Reached XP level 20. HP: 141/198 MP: 19/19
 37009 | Vaults:4 | Received a gift from Trog
 37334 | Vaults:5 | Entered Level 5 of the Vaults
 37334 | Vaults:5 | Noticed a golden dragon
 37539 | Shoals:1 | Entered Level 1 of the Shoals
 38385 | Shoals:2 | Found Noity's Weapon Shop.
 38618 | Shoals:2 | Found a glacial archway.
 38633 | IceCv    | Entered an ice cave
 38914 | IceCv    | Received a gift from Trog
 39519 | Shoals:2 | Identified the +2 leather armour "Naeniwam" {Rampage rF+}
 39967 | Shoals:3 | Found Oroump's Jewellery Shoppe.
 40083 | Shoals:3 | Noticed Mara
 40090 | Shoals:3 | Noticed utilitronium's illusion
 40145 | Shoals:3 | Noticed utilitronium's illusion
 40153 | Shoals:3 | Killed Mara
 40284 | Shoals:3 | Noticed Polyphemus
 40318 | Shoals:3 | Killed Polyphemus
 40624 | Shoals:3 | Noticed Ilsuiw
 40640 | Shoals:3 | Killed Ilsuiw
 40640 | Shoals:3 | Received a gift from Trog
 40646 | Shoals:3 | Reached skill level 22 in Fighting
 41160 | Shoals:4 | Entered Level 4 of the Shoals
 41295 | Shoals:4 | Reached XP level 21. HP: 183/207 MP: 20/20
 41531 | Shoals:4 | Got a barnacled rune of Zot
 41614 | Shoals:4 | Received a gift from Trog
 42343 | Depths:1 | Entered Level 1 of the Depths
 42521 | Depths:1 | Received a gift from Trog
 42791 | Depths:1 | Found a shimmering blue altar of Sif Muna.
 42870 | Depths:1 | Found a one-way gate to the infinite horrors of the Abyss.
 42963 | Depths:1 | Found a gateway to Hell.
 43294 | Depths:2 | Reached skill level 10 in Evocations
 43536 | Depths:2 | Identified the +6 scale mail of Amorality {-Tele Fly rF++
                  | Dex+2}
 43696 | Depths:2 | Found a one-way gateway to a ziggurat.
 43787 | Depths:2 | Found a one-way gate leading to the halls of Pandemonium.
 44226 | Depths:3 | Noticed Xtahua
 44232 | Depths:3 | Noticed a golden dragon
 44243 | Depths:3 | Noticed a golden dragon
 44613 | Depths:2 | Killed a golden dragon
 44694 | Depths:3 | Noticed a caustic shrike
 44706 | Depths:3 | Reached skill level 23 in Fighting
 44707 | Depths:3 | Killed a caustic shrike
 44707 | Depths:3 | Received a gift from Trog
 44708 | Depths:3 | Reached XP level 22. HP: 151/220 MP: 21/21
 44719 | Depths:3 | Identified the orb of Xial {*channel, rElec Alchemy}
 44719 | Depths:3 | Noticed Frederick
 44881 | Depths:3 | Killed a golden dragon
 44906 | Depths:3 | Noticed a golden dragon
 44922 | Depths:3 | Killed a golden dragon
 45192 | Depths:3 | Killed Frederick
 46004 | Depths:4 | Entered Level 4 of the Depths
 46267 | Depths:4 | Received a gift from Trog
 46492 | Depths:4 | Noticed Parghit
 46588 | Depths:4 | Killed Parghit
 47324 | Depths:4 | Found a gate to the Realm of Zot.
 47324 | Depths:4 | Noticed a golden dragon
 47330 | Depths:4 | Killed a golden dragon
 47789 | Vaults:5 | Killed a golden dragon
 47796 | Vaults:5 | Received a gift from Trog
 47894 | Vaults:5 | Reached XP level 23. HP: 177/229 MP: 22/22
 48082 | Vaults:5 | Reached skill level 24 in Fighting
 48243 | Vaults:5 | Got a silver rune of Zot
 48256 | Vaults:5 | Identified the +6 scale mail "Wuinaada" {rC+ Int+3}
 48308 | Vaults:5 | Identified the ring of Zin Maji {Fly rF+ Str+3}
 48308 | Vaults:5 | Paralysed by a sphinx for 5 turns
 48851 | Vaults:5 | Identified the +5 glaive "Yfruwk" {venom, rPois rN+ Will+}
 48853 | Vaults:5 | Found Issy's Jewellery Boutique.
 48864 | Vaults:5 | Identified the +5 great sword of Fortitude {freeze, Str+4
                  | Dex-5}
 48883 | Vaults:5 | Identified the +7 plate armour of Life {rElec Regen+ Dex-2}
 48899 | Vaults:5 | Identified the amulet "Lasox" {Faith rPois rC- Will++
                  | Dex+3}
 49273 | Vaults:5 | Received a gift from Trog
 49273 | Vaults:5 | Paralysed by a sphinx for 2 turns
 49520 | Vaults:5 | Identified the ring "Kimmobil" {Dex+5 SInv}
 49544 | Vaults:5 | Noticed Jory
 49546 | Vaults:5 | Found the +8 storm bow {elec, penet}
 49551 | Vaults:5 | Killed Jory
 49737 | Vaults:5 | Identified the +2 robe of the Vacuum {rPois}
 49751 | Vaults:5 | Identified the ring "Pocwoimeru" {rElec Str+6 Int+6 Slay+6}
 49764 | Vaults:5 | Identified the +9 whip of Lachrymose Duty {holy, rElec
                  | Dex+3}
 50002 | Vaults:5 | Identified the +5 ring mail "Botienn" {Str+5 Stlth+}
 50317 | Elf:1    | Entered Level 1 of the Elven Halls
 50317 | Elf:1    | Found a runed translucent gate.
 50317 | Elf:1    | Found a runed translucent gate.
 50317 | Elf:1    | Found a runed translucent gate.
 50317 | Elf:1    | Found a runed translucent gate.
 50317 | Elf:1    | Found a runed translucent gate.
 50317 | Elf:1    | Found a runed translucent gate.
 50318 | Elf:1    | Found a runed translucent door.
 50376 | Elf:1    | Found a runed translucent door.
 50647 | Elf:1    | Received a gift from Trog
 50767 | Elf:1    | Found a runed translucent gate.
 50768 | Elf:1    | Found a runed translucent gate.
 50768 | Elf:1    | Found a runed translucent gate.
 50768 | Elf:1    | Noticed Piceto's ghost (adept DEFE)
 50769 | Elf:1    | Noticed Joboecuu's ghost (journeyman MiFi)
 50769 | Elf:1    | Noticed Hiohy's ghost (adept DrSh)
 50771 | Elf:1    | Noticed Qyvoanyo's ghost (adept DEFE)
 50805 | Elf:1    | Found Remaor's Self-Improvement Boutique.
 51247 | Elf:1    | Killed Piceto's ghost
 51248 | Elf:1    | Killed Qyvoanyo's ghost
 51249 | Elf:1    | Killed Hiohy's ghost
 51265 | Elf:1    | Killed Joboecuu's ghost
 51298 | Elf:1    | Acquired a manual of Stealth
 51347 | Elf:2    | Found an ancient bone altar of Kikubaaqudgha.
 51410 | Elf:2    | Identified the +0 war axe "Veerghi Boph" {heavy, Fly rElec}
                  | (Trog gifted it to you on level 2 of the Elven Halls)
 51410 | Elf:2    | Received a gift from Trog
 51419 | Elf:2    | Reached skill level 1 in Stealth
 51453 | Elf:2    | Found Pief Qybb's Book Emporium.
 51682 | Elf:2    | Found a runed translucent gate.
 51682 | Elf:2    | Found a runed translucent gate.
 51682 | Elf:2    | Found a runed translucent gate.
 51829 | Elf:2    | Paralysed by an air elemental for 1 turns
 51966 | Elf:2    | Noticed Azrael
 51971 | Elf:2    | Reached XP level 24. HP: 240/240 MP: 22/22
 51977 | Elf:2    | Killed Azrael
 52434 | Elf:3    | Entered Level 3 of the Elven Halls
 52469 | Elf:3    | Found a runed translucent gate.
 52469 | Elf:3    | Found a runed translucent gate.
 52476 | Elf:3    | Noticed TobyConnect's ghost (adept DsFi)
 52476 | Elf:3    | Received a gift from Trog
 52477 | Elf:3    | Found a runed translucent gate.
 52627 | Elf:3    | Found Hadouh's Jewellery Emporium.
 52710 | Elf:3    | Reached skill level 5 in Stealth
 52815 | Elf:3    | Received a gift from Trog
 52935 | Elf:3    | Reached skill level 25 in Fighting
 52955 | Elf:3    | Identified the +0 robe of Bad Feelings {Harm Str+2 Int-2}
 52962 | Elf:3    | Identified the +8 spear of Ignis's Favour {flame, rC+}
 53077 | Elf:3    | Identified the +8 arbalest of the Crafting Gods {heavy,
                  | *Slow rPois rF++ MP+9}
 53105 | Elf:3    | Identified the +3 robe of the Vacuum {rC- Regen+ Str-2
                  | Dex+5}
 53109 | Elf:3    | Identified the +6 arbalest "Macez" {flame, rN++ Str-5}
 53372 | Elf:3    | Received a gift from Trog
 53390 | Elf:3    | Killed TobyConnect's ghost
 53413 | Elf:3    | Identified the +3 barding of Xutiynt {Str+3}
 53425 | Elf:3    | Acquired the +1 cloak "Roclimew" {Regen+ MP+9}
 53746 | Crypt:1  | Entered Level 1 of the Crypt
 53785 | Crypt:1  | Noticed Khufu
 53785 | Crypt:1  | Noticed a royal mummy
 53786 | Crypt:1  | Noticed a royal mummy
 53896 | Crypt:1  | Killed a royal mummy
 54317 | Shoals:3 | Bought the ring of Hoiruaxt {Fly rC+ rN+ AC+4 Slay+2} for
                  | 1358 gold pieces
 54753 | Crypt:1  | Noticed Zenata
 54778 | Crypt:1  | Killed Zenata
 54985 | Crypt:1  | Killed Khufu
 55102 | Crypt:1  | Killed a royal mummy
 55293 | Crypt:1  | Received a gift from Trog
 55685 | Crypt:2  | Identified the amulet "Kahu" {Faith ^Fragile +Blink rPois
                  | rCorr}
 56221 | Crypt:2  | Noticed a dread lich
 56230 | Crypt:2  | Noticed an ancient lich
 56244 | Crypt:2  | Killed a dread lich
 56249 | Crypt:2  | Killed an ancient lich
 56347 | Crypt:2  | Found the +6 Majin-Bo {spellvamp, MP+6 Int+6}
 56359 | Crypt:2  | Identified the staff of the Final Decision {Fly rPois Int+2
                  | Dex+3 Alchemy}
 56415 | Crypt:2  | Reached XP level 25. HP: 250/250 MP: 22/22
 57009 | Crypt:3  | Entered Level 3 of the Crypt
 57168 | Crypt:3  | Received a gift from Trog
 57227 | Crypt:3  | Identified the +3 robe of Foolhardiness {rC- Regen+ Str+4}
 57227 | Crypt:3  | Noticed Boris
 57241 | Crypt:3  | Killed Boris
 57473 | Crypt:3  | Noticed a dread lich
 57477 | Crypt:3  | Identified the ring "Zysmirchyfi" {rElec rN+ Str-3 Int+3
                  | Dex+2}
 57484 | Crypt:3  | Killed a dread lich
 57546 | Crypt:3  | Identified the ring "Ysti Yre" {rN+ Int+2}
 57560 | Crypt:3  | Identified the staff of Floods {rN+ Will+ Int+3 Necro}
 57644 | Crypt:3  | Found an ancient bone altar of Kikubaaqudgha.
 57685 | Crypt:3  | Received a gift from Trog
 57788 | Crypt:3  | Noticed Margery
 57810 | Crypt:3  | Killed Margery
 58248 | Crypt:3  | Found a staircase to the Tomb.
 59111 | Zot:1    | Entered Level 1 of the Realm of Zot
 59128 | Zot:1    | Reached skill level 10 in Stealth
 59243 | Zot:1    | Identified the +0 leather armour of Untruth {Rampage rN+
                  | Int+4}
 59280 | Zot:1    | Identified the ring "Sucaxeys" {Ice MP+9 Str+3 Dex-4}
 59280 | Zot:1    | Noticed Josephina
 59314 | Zot:1    | Killed Josephina
 59398 | Zot:1    | Received a gift from Trog
 59422 | Zot:1    | Reached skill level 26 in Fighting
 59643 | Zot:1    | Found the +4 dragonskin cloak
 59643 | Zot:1    | Noticed Tiamat
 59656 | Zot:1    | Noticed an orb of fire
 59672 | Zot:1    | Killed an orb of fire
 60035 | Zot:1    | Killed Tiamat
 60036 | Zot:1    | Reached skill level 15 in Evocations
 60431 | Zot:1    | Reached XP level 26. HP: 248/261 MP: 22/22
 60578 | Zot:1    | Found a radiant altar of Vehumet.
 60719 | Zot:2    | Received a gift from Trog
 61018 | Zot:2    | Found Korutafrus's Changing Room.
 61026 | Zot:2    | You are sucked into a shaft and drop 1 floor!
 61090 | Zot:3    | Received a gift from Trog
 61372 | Zot:3    | Gained mutation: You occasionally shout uncontrollably at
                  | your foes. [mutagenic glow]
 61378 | Zot:3    | HP: 12/396 [golden dragon (20)]
 61380 | Zot:3    | HP: 3/396 [green draconian monk (10)]
 61382 | Zot:3    | Demolished by a green draconian monk

Illustrated notes

Levels and vault maps discovered:
D:1:      hellmonk_arrival_library, layout_rooms, basic_ecumenical_altar,
          minmay_misc_feat_diagonals
D:2:      layout_basic
D:3:      layout_basic, grunt_dithmenos_smoke
D:4:      cheibrodos_helix_gallery, layout_basic, nzn_wu_jian_contemplation,
          chequers_arboretum, minmay_misc_feat_tiny,
          hangedman_abyss_or_decor_stagger, minmay_misc_feat_room,
          grunt_ministairs_13, uniq_duvessa
D:5:      layout_gridville, minmay_temple_entry_junction_2, serial_shops, shop,
          shop_fountains, shop, hangedman_decor_points, minmay_misc_feat_iff
D:6:      layout_loops_ring, nicolae_overflow_crystal_walls,
          mainiacjoe_overflow_chevrons, nemelex_dance_club_becter,
          fedhas_altar_2, uniq_jeremiah, uniq_grinder, uniq_pikel, uniq_edmund
D:7:      layout_rooms, lemuel_round_altar, mainiacjoe_overflow_catch_the_wave,
          gammafunk_ghost_nasty_kobolds
D:8:      layout_basic, chequers_big_river
D:9:      layout_cave_pools, nicolae_tso_carved_into_rock, serial_column_ruins,
          column_ruins_square_medium, column_ruins_hut_water,
          column_ruins_open_tiny, column_ruins_grid_1, column_ruins_open_tiny,
          column_ruins_open_small, column_ruins_open_large, column_ruins_grid_1,
          column_ruins_open_small, minmay_nine_imps, uniq_psyche
D:10:     layout_roguey, nicolae_qazlal_general_emergency,
          nicolae_gozag_zags_fifth_avenue, enter_bailey_3, serial_bayou_pond_e
D:11:     layout_long_grid, serial_shops, nicolae_diamond_shop,
          nicolae_shop_stone, nicolae_shop_overgrown_old_shop, shop,
          nicolae_shop_temple_entry_statues_fountains
D:12:     layout_cave_pools, david_orc_3
D:13:     layout_long_grid, minmay_increasing_density
D:14:     layout_basic, lightli_vaults_fourway_checkpoint,
          nicolae_figureground_sparkle
D:15:     hangedman_depths_entry_civil_slaughter, layout_irregular_city,
          kennysheep_flooded_box, minmay_misc_feat_pillars,
          nicolae_benzene_ring, not_door_vault_due
Lair:1:   layout_cellular_growth, serial_bayou_crossing
Lair:2:   layout_loops_ring, guppyfry_snake_entry_island,
          gammafunk_ghost_wrathful_warriors, grunt_megastairs_4
Lair:3:   layout_loops_ring, nicolae_shoals_entry_roost,
          nicolae_volcano_entry_lava_flow
Lair:4:   gammafunk_lair_enchanted_lake, layout_regular_city
Lair:5:   wormcave, layout_big_grid, minmay_slime_entry_oklob_enclosed,
          chequers_serial_rivers_micro_b
Shoals:1: layout_shoals, nicolae_shoals_drake_roost
Shoals:2: layout_shoals, serial_shops, shop, portal_ice_cave_entry_pillars_1
Shoals:3: layout_shoals, serial_shops, shop_coins, nicolae_shoals_loop_pool,
          uniq_polyphemus, uniq_mara, uniq_ilsuiw
Shoals:4: shoals_end_hellmonk_lost_city
Snake:1:  layout_layer_cave, serial_shops, nicolae_shop_statue_plus,
          hangedman_corner_corridor
Snake:2:  layout_chambers, ebering_ghost_reflecting_pool,
          nicolae_coiled_stairwell_down, grunt_megastairs_5, lemuel_fruit_tree,
          serial_bayou_shore_b, uniq_aizul
Snake:3:  layout_onion, nicolae_integral_box, uniq_vashnia
Snake:4:  grunt_snake_rune_pools, layout_chambers, statue_in_the_mist_lemuel,
          nicolae_snake_snakewalk, serial_bayou_shore_b, grunt_megastairs_2
Orc:1:    layout_caves, gammafunk_ghost_fury_of_okawaru, serial_shops,
          nicolae_shop_just_a_little_nook, nicolae_shop_mannequins,
          nicolae_orc_found_a_spring
Orc:2:    st_orc_rangers, layout_caves, serial_shops,
          nicolae_shop_hallway_stairs, shop, basic_altar, uniq_saint_roka,
          uniq_jorgrun, uniq_rupert
Elf:1:    nicolae_elf_arrival_dilemma, layout_geoelf_octagon,
          gammafunk_ghost_cemetery, minivault_28, nicolae_shop_self_help
Elf:2:    nicolae_elf_blades_splatter_lattice [nooodl_blade_entry_preview],
          layout_geoelf_octagon, basic_altar, serial_shops,
          nicolae_book_shop_shelving, uniq_azrael
Elf:3:    minmay_elf_hall_quartered_circle, layout_loops_cross, serial_shops,
          shop, gammafunk_ghost_tricky_traps
Vaults:1: portal_desolation_entry_nicolae_forbidding_blocks,
          nicolae_vaults_know_your_exits, nicolae_vaults_trapezoid_2,
          nicolae_vaults_three_branches, nicolae_vaults_diamond_2, v_pattern_2,
          nicolae_vaults_closet_pinwheel_2, v_misc_17, grunt_vaults_bifocal,
          nicolae_vaults_hexular_roomagon, vaults_room_fours, vaults_room_pools,
          nicolae_vaults_alarming, layout_vaults_maze_snakey, uniq_donald,
          uniq_nikola
Vaults:2: hangedman_vaults_hat, minmay_crypt_entry_vampire_xt,
          nicolae_vaults_frosty_reception, ontoclasm_vaults_shout,
          nicolae_vaults_mini_display_case, nicolae_vaults_tetromino_T_2,
          vaults_room_door_ring, layout_vaults_big_room
Vaults:3: nicolae_vaults_statue_guard, nicolae_vaults_circle_grid_b, v_misc_16,
          nicolae_vaults_tetromino_L_1, layout_vaults_omnigrid, serial_shops,
          nicolae_shop_tiny_waterfront
Vaults:4: nicolae_vaults_theta, grunt_vaults_twisty, v_misc_31,
          nicolae_vaults_hexular_roomagon, nicolae_vaults_tetromino_T_2,
          lightli_orcish_oven, nicolae_vaults_windows_and_doors_thing,
          nicolae_vaults_offset_grid_hallway_2, nicolae_vaults_cochlea,
          nicolae_vaults_tetromino_L_2, nicolae_vaults_diamond_1, v_misc_9,
          nicolae_vaults_little_squares_2, layout_vaults_omnibox, serial_shops,
          bzr_entry_road
Vaults:5: uniq_jory
Crypt:1:  layout_rooms, serial_library_hellmonk_secret_room,
          grunt_crypt_arrival_webbed, uniq_zenata, uniq_khufu
Crypt:2:  minmay_guarded_unrand_majin_bo, layout_catacombs,
          nicolae_crypt_soggy_tomb
Crypt:3:  evilmike_haunted_forest, uniq_boris, uniq_margery
Depths:1: layout_cave_shapes, grunt_hell_entry_dis_old, nicolae_water_bricks,
          abyss_entry, nicolae_sif_muna_condensation
Depths:2: dreamdust_hydra_shepherd, layout_honeycomb, enter_ziggurat_e,
          minmay_staircase_windowed_large, rand_demon_pan_entry_7, abyss_entry,
          hell_entry, minmay_misc_feat_square
Depths:3: minmay_the_grid_square_5x5_4x4
          [minmay_the_grid_square_5x5_almost_minimal,
          minmay_the_grid_square_5x5_half_checkered,
          minmay_the_grid_square_5x5_dogpile,
          minmay_the_grid_square_5x5_longway,
          minmay_the_grid_square_5x5_intrusive_squares,
          minmay_the_grid_square_5x5_prize_deathbox,
          minmay_the_grid_square_5x5_prize_gold,
          minmay_the_grid_square_5x5_slash, minmay_the_grid_square_5x5_one_wall,
          minmay_the_grid_square_5x5_prize_itemx,
          minmay_the_grid_square_5x5_prize_pseudospiral,
          minmay_the_grid_square_5x5_fat_x, minmay_the_grid_square_5x5_comb,
          minmay_the_grid_square_5x5_two_small, minmay_the_grid_square_5x5_v,
          minmay_the_grid_square_5x5_two_walls_b], layout_cave_pools,
          abyss_entry, lightli_too_deep, hangedman_glass_teeth, uniq_xtahua,
          uniq_frederick
Depths:4: grunt_bruiser_brothers, layout_gridlike, pf_coc_iceberg,
          minmay_misc_feat_alley, uniq_parghit
Zot:1:    regret_index_zot_pan_timeshare, layout_twisted_circle, basic_altar,
          uniq_josephina, uniq_tiamat
Zot:2:    layout_misc_corridors, nicolae_transmutations_shop
Zot:3:    ebering_greatest_show_in_zot, layout_onion, zot_minivault_1
Zot:4:    gammafunk_its_a_trap, layout_gridlike

Skill      XL: |  1  2  3  4  5  6  7  8  9 10 11 12 13 14 15 16 17 18 19 20 21 22 23 24 25 26 |
---------------+-------------------------------------------------------------------------------+-----
Axes           | 4 5 6 8 9 11 14 16 18 20 | 20.6
Fighting       | 4 9 12 13 14 16 18 20 21 22 23 24 25 26 | 26.5
Dodging        | 3 4 5 9 12 14 16 17 18 19 20 21 22 | 22.2
Armour         | 7 11 14 15 17 19 20 21 22 23 24 25 | 25.3
Shields        | 6 8 11 14 16 18 19 20 21 22 23 24 | 24.4
Evocations     | 6 7 9 10 11 13 14 15 | 15.4
Stealth        | 2 8 11 12 | 12.3

Action                     |  1- 3 |  4- 6 |  7- 9 | 10-12 | 13-15 | 16-18 | 19-21 | 22-24 | 25-27 || total
---------------------------+-------+-------+-------+-------+-------+-------+-------+-------+-------++-------
  Melee: Hand axe          |    77 |   129 |   173 |     7 |   155 |       |       |       |       ||   541
         Headbutt          |     8 |    17 |    38 |   112 |   198 |   349 |   445 |   504 |   260 ||  1931
         War axe           |       |       |    52 |   537 |    41 |       |       |       |       ||   630
         Broad axe         |       |       |       |       |   579 |   350 |       |       |       ||   929
         Labrys            |       |       |       |       |       |   799 |  1359 |  1520 |   808 ||  4486
         Unarmed           |       |       |       |       |       |    44 |       |       |       ||    44
 Invoke: Berserk           |     1 |     1 |     4 |     1 |     2 |     1 |       |       |     5 ||    15
         Brothers in Arms  |       |       |     1 |     1 |     7 |     4 |       |     2 |     4 ||    19
         Trog's Hand       |       |       |       |     1 |    11 |    26 |    10 |    19 |    15 ||    82
  Evoke: Sack of spiders   |       |       |       |       |       |       |       |     1 |       ||     1
         Phantom mirror    |       |       |       |       |       |       |       |     2 |       ||     2
         Phial of floods   |       |       |       |       |       |       |       |     1 |       ||     1
         Lightning rod     |       |       |       |       |       |       |       |     3 |       ||     3
    Use: Potion            |       |       |    12 |       |     4 |     7 |       |     2 |     5 ||    30
         Scroll            |       |       |    14 |     8 |     6 |     6 |     7 |    15 |    12 ||    68
   Stab: Distracted        |       |       |       |       |       |     1 |       |     1 |     6 ||     8
         Petrified         |       |       |       |       |       |       |     3 |       |       ||     3
         Confused          |       |       |       |       |       |       |       |     1 |       ||     1
         Held in net/web   |       |       |       |       |       |       |       |     1 |       ||     1
         Sleeping          |       |       |       |       |       |       |       |     9 |    11 ||    20
 Armour: Animal skin       |    56 |       |       |       |       |       |       |       |       ||    56
         Ring mail         |     2 |    52 |       |       |       |       |       |       |       ||    54
         Chain mail        |       |    13 |   144 |     6 |       |       |       |       |       ||   163
         Plate armour      |       |       |       |   163 |       |       |       |       |       ||   163
         Crystal plate arm |       |       |       |   304 |   793 |   603 |   696 |   481 |   312 ||  3189
         Skin              |       |       |       |       |       |    19 |       |    49 |   130 ||   198
  Dodge: Dodged            |    56 |    68 |    80 |   163 |   280 |   245 |   381 |   341 |   319 ||  1933
  Block: Buckler           |       |       |       |    54 |   274 |       |       |       |       ||   328
         Kite shield       |       |       |       |       |    55 |   607 |       |       |       ||   662
         Reflection        |       |       |       |       |     2 |   114 |   144 |   106 |    15 ||   381
         Tower shield      |       |       |       |       |       |   415 |  1769 |  1636 |  1033 ||  4853

Table legend: (Time is in decaauts)
 A = Elapsed time spent in this place.
 B = Non-inter-level travel time spent in this place.
 C = Inter-level travel time spent in this place.
 D = Time resting spent in this place.
 E = Time spent auto-exploring this place.
 F = Levels seen in this place.
 G = Mean time per level.
                   A        B        C        D        E       F      G
               +--------+--------+--------+--------+--------+-----+--------+
         Total |  60075 |  53967 |   6108 |   8092 |  34630 |  53 | 1133.5 |
       Dungeon |  16393 |  14765 |   1628 |   2173 |  10500 |  15 | 1092.9 |
          Lair |   5509 |   4647 |    862 |    289 |   3532 |   5 | 1101.8 |
        Shoals |   3828 |   3403 |    425 |      2 |   2462 |   4 |  957.0 |
     Snake Pit |   5222 |   4986 |    236 |    715 |   3549 |   4 | 1305.5 |
  Orcish Mines |   2216 |   2052 |    164 |    549 |   1125 |   2 | 1108.0 |
   Elven Halls |   3153 |   2845 |    308 |     48 |   1925 |   3 | 1051.0 |
        Vaults |   9157 |   7913 |   1244 |   1420 |   4798 |   5 | 1831.4 |
         Crypt |   3848 |   3173 |    675 |    171 |   2019 |   3 | 1282.7 |
        Depths |   5477 |   5002 |    475 |   1237 |   2668 |   4 | 1369.2 |
           Zot |   1871 |   1782 |     89 |    426 |    686 |   4 |  467.8 |
        Bailey |    614 |    614 |      0 |    224 |    241 |   1 |  614.0 |
      Ice Cave |    828 |    828 |      0 |    112 |    450 |   1 |  828.0 |
       Volcano |    702 |    702 |      0 |    437 |    133 |   1 |  702.0 |
    Desolation |   1250 |   1250 |      0 |    286 |    541 |   1 | 1250.0 |
               +--------+--------+--------+--------+--------+-----+--------+

Top non-repeatable levels by time:
 Snake:4: 2381 daAuts
Vaults:5: 2354 daAuts
Vaults:2: 1950 daAuts
Depths:4: 1811 daAuts
Vaults:1: 1792 daAuts
    D:15: 1754 daAuts
Vaults:4: 1592 daAuts
 Crypt:3: 1570 daAuts
    D:14: 1548 daAuts
     D:8: 1514 daAuts
Depths:2: 1497 daAuts
Vaults:3: 1467 daAuts
 Snake:2: 1442 daAuts
  Lair:4: 1402 daAuts
Depths:3: 1335 daAuts
